 Dungeon Crawl Stone Soup version 0.20.1-1-g8b1a95d (console) character file.

70 hilaritas the Sneak (level 4, -1/21 HPs)
             Began as a Spriggan Enchanter on Dec 30, 2017.
             Slain by Natasha (8 damage)
             ... on level 2 of the Dungeon.
             The game lasted 00:05:21 (1340 turns).

hilaritas the Sneak (Spriggan Enchanter)            Turns: 1340, Time: 00:05:22

Health: -1/21      AC:  2    Str:  4    XL:     4   Next: 4%
Magic:  8/9        EV: 17    Int: 17    God:
Gold:   59         SH:  5    Dex: 16    Spells: 5/8 levels left

rFire    . . .     SeeInvis +   k - +4 dagger (venom)
rCold    . . .     Gourm    .   l - +0 buckler
rNeg     . . .     Faith    .   b - +0 robe
rPois    .         Spirit   .   (helmet restricted)
rElec    .         Reflect  .   (no cloak)
rCorr    .         Harm     .   (gloves unavailable)
MR       .....                  (boots unavailable)
Stlth    +++.......             (no amulet)
Regen    0.1/turn               (no ring)
MPRegen  0.2/turn               (no ring)

@: slowed, quick
A: unfitting armour, see invisible, herbivore 3, speed 3, slow metabolism 2
a: no special abilities


You were on level 2 of the Dungeon.
You were not hungry.

You visited 1 branch of the dungeon, and saw 2 of its levels.

You collected 59 gold pieces.

Inventory:

Hand Weapons
 a - a +1 dagger
 k - a +4 dagger of venom (weapon)
Armour
 b - a +0 robe (worn)
 l - a +0 buckler (worn)
Scrolls
 e - a scroll of identify
 i - a scroll of remove curse
Potions
 g - a potion of flight
 h - a potion of cancellation {unknown}
 j - a potion of might {unknown}
Books
 c - a book of Maledictions

   Spells                             Type                      Level
   a - Corona                         Hexes                        1
   b - Ensorcelled Hibernation        Hexes/Ice                    2
   c - Confuse                        Hexes                        3
   d - Tukima's Dance                 Hexes                        3
   e - Dazzling Spray                 Conjuration/Hexes            3
Comestibles
 d - 2 bread rations


   Skills:
 + Level 2.1 Short Blades
 - Level 3.0 Dodging
 + Level 6.5 Stealth
 * Level 0.8 Shields
 - Level 2.6 Spellcasting
 - Level 3.6 Hexes


You had 5 spell levels left.
You knew the following spells:

 Your Spells              Type           Power        Failure   Level  Hunger
a - Corona                Hex            ##.....      6%          1    #......
b - Ensorcelled Hibernat  Hex/Ice        #.....       21%         2    ##.....


Dungeon Overview and Level Annotations

Branches:
Dungeon (2/15)

Altars:
Gozag

Annotations:
D:2 Natasha


Innate Abilities, Weirdness & Mutations

You are very small and have problems with some larger weapons.
You are too small for most types of armour.
You have supernaturally acute eyesight. (SInv)
You are a herbivore.
You cover ground extremely quickly.
You need consume almost no food.


Message History

You start waiting.
Unknown command.
The crimson imp closely misses you. Natasha misses you.
You closely miss Natasha. You block the crimson imp's attack.
Natasha closely misses you.
Casting: Corona
Confirm with . or Enter, or press ? or * to list all spells.
Aiming: Corona
Press: ? - help, Shift-Dir - straight line, f - Natasha
Aim: Natasha (chance to defeat MR: 50%) Natasha struggles to resist.
The crimson imp hits you. Natasha claws you.
You completely miss Natasha.
The crimson imp blinks!
Natasha stares at you and mumbles some strange words.
You feel yourself slow down.
You closely miss Natasha.
The crimson imp blinks!
Natasha completely misses you.
You closely miss Natasha. Natasha claws you!
The crimson imp shouts, "Go and return not, thou peaked hedge-born mouthful!"
Natasha claws you!
You die...

...## ##....#.#.#.... .#
##.... ........#.##...
...
....#####.>..........
...##.$#.........#.....#
......#.###.....###.###
#.......)..###.....#
#......#...##.8...8.
###.###..#.#..#.......
#...###..#.#......_...
#....§h5...#..#.......
#.(..@#########.8...8.
#..§.......# ##.....#
#....w5###.# ###.###
#......# #...# ........#
#####...# .#######.#
......).. .# #####...#
.# ........< .####.(.#
#...# #####


You could see a worm, an iron imp, Natasha and a crimson imp.

Vanquished Creatures
  Natasha (twice) (D:2)
  A worm (D:2)
  A dart slug (D:1)
  A giant cockroach (D:2)
  3 goblins (D:1)
  4 hobgoblins
  3 kobolds (D:1)
  4 rats
19 creatures vanquished.

Notes
Turn   | Place    | Note
-------+----------+-------------------------------------------
     0 | D:1      | hilaritas the Spriggan Enchanter began the quest for the Orb.
     0 | D:1      | Reached XP level 1. HP: 9/9 MP: 5/5
   354 | D:1      | Reached skill level 5 in Stealth
   497 | D:1      | Reached XP level 2. HP: 13/13 MP: 4/6
   520 | D:1      | Learned a level 2 spell: Ensorcelled Hibernation
  1102 | D:2      | Found an opulent altar of Gozag.
  1140 | D:2      | Noticed Natasha
  1148 | D:2      | Noticed a crimson imp
  1149 | D:2      | Killed Natasha
  1149 | D:2      | Reached skill level 6 in Stealth
  1149 | D:2      | Reached XP level 3. HP: 8/16 MP: 8/8
  1163 | D:2      | Noticed Natasha
  1177 | D:2      | Killed Natasha
  1177 | D:2      | Reached XP level 4. HP: 11/21 MP: 9/9
  1320 | D:2      | Noticed Natasha
  1340 | D:2      | Slain by Natasha

Skill      XL: |  1  2  3 |
---------------+----------+-----
Stealth        | 5 6 |  6.5
Short Blades   | 2 |  2.1
Dodging        | |  3.0
Shields        | |  0.8
Spellcasting   | |  2.6
Hexes          | |  3.6

Action                   |  1- 3 |  4- 6 || total
-------------------------+-------+-------++-------
Melee: Dagger            |    56 |     4 ||    60
 Cast: Corona            |     5 |     1 ||     6
  Use: Scroll            |     3 |       ||     3
 Stab: Sleeping          |     9 |       ||     9
       Distracted        |     1 |       ||     1
Armor: Robe              |     3 |       ||     3
Dodge: Dodged            |    32 |     4 ||    36
Block: Buckler           |     4 |     1 ||     5
